 Dungeon Crawl Stone Soup version 0.29.1-1-gd02db6906a (webtiles) character file.

Game seed: 2009311986699298491

1470 Icepheonix32 the Summoner (level 8, 0/52 HPs)
             Began as a Merfolk Summoner on Oct 9, 2022.
             Killed by divine providence
             ... invoked by an orc priest
              (10 damage)
             ... on level 6 of the Dungeon.
             The game lasted 00:09:01 (5951 turns).

Icepheonix32 the Summoner (Merfolk Summoner)        Turns: 5951, Time: 00:09:01

Health: 0/52       AC:  5    Str:  8      XL:     8   Next: 78%
Magic:  11/11      EV: 12    Int: 15 (16) God:
Gold:   1469       SH:  0    Dex: 15      Spells: 2/11 levels left

rFire   . . .      SeeInvis .   c - +1 quarterstaff (spect)
rCold   . . .      Faith    .   (shield currently unavailable)
rNeg    . . .      Spirit   .   a - +0 robe
rPois   .          Reflect  .   f - +2 helmet
rElec   .          Harm     .   (no cloak)
rCorr   .          Rampage  .   (no gloves)
Will    .....                   (no boots)
Stlth   +++.......              (no amulet)
HPRegen 0.17/turn               (no ring)
MPRegen 0.12/turn               (no ring)

@: weak-willed
A: (nimble swimmer 2), mertail, camouflage 1, deterioration 1
a: no special abilities


You were on level 6 of the Dungeon.
You visited 2 branches of the dungeon, and saw 7 of its levels.

You collected 1612 gold pieces.
You spent 143 gold pieces at shops.

Inventory:

Hand Weapons
 c - a +1 spectral quarterstaff (weapon)
 d - a +0 spear
 i - a +0 flail
 m - a +0 trident
 n - the +2 whip of the Leaping Eel {vorpal, Contam rF++ Will+}
   (You took it off a hobgoblin on level 3 of the Dungeon)

   It inflicts extra damage upon your enemies.
   rF:        It greatly protects you from fire.
   Contam:    It causes magical contamination when unequipped.
   Will:      It increases your willpower.
 o - the +0 falchion of Bloodstone {flame, rElec Int+3 Dex-5}
   (You found it on level 6 of the Dungeon)

   It burns those it strikes, dealing additional fire damage.
   Big, fiery blades are also staple armaments of hydra-hunters.
   Int:       It affects your intelligence (+3).
   Dex:       It affects your dexterity (-5).
   rElec:     It insulates you from electricity.
Missiles
 h - a throwing net
 t - 2 atropa-tipped darts
Armour
 a - a +0 robe (worn)
 f - a +2 helmet (worn)
Scrolls
 j - 2 scrolls of enchant armour
 p - a scroll of butterflies
 s - a scroll of teleportation
 v - a scroll of amnesia
Potions
 b - 2 potions of magic
 e - a potion of invisibility
 g - a potion of brilliance
 k - 4 potions of heal wounds
 l - a potion of attraction
 q - 2 potions of curing
 r - a potion of lignification
 w - a potion of might


   Skills:
 - Level 2.6 Dodging
 - Level 2.1 Stealth
 - Level 2.3 Spellcasting
 + Level 11.2 Summonings


You had 2 spell levels left.
You knew the following spells:

 Your Spells              Type           Power      Damage    Failure   Level
a - Summon Small Mammal   Summ           100%       N/A       1%          1
b - Call Imp              Summ           35%        N/A       1%          2
c - Call Canine Familiar  Summ           35%        N/A       1%          3
d - Summon Guardian Gole  Hex/Summ       18%        N/A       6%          3

Your spell library contained the following spells:

 Spells                   Type           Power      Damage    Failure   Level
 Apportation              Tloc           2%         N/A       22%         1
 Summon Lightning Spire   Summ/Air       18%        N/A       22%         4


Dungeon Overview and Level Annotations

Branches:
Dungeon (6/15)             Temple (1/1) D:5

Altars:
Ashenzari
Dithmenos
Elyvilon
Fedhas
Gozag
Kikubaaqudgha
Makhleb
Nemelex Xobeh
Qazlal
Ru
Sif Muna
Trog
Uskayaw
Vehumet
Wu Jian
Xom
Zin
The Shining One

Shops:
D:5 !


Innate Abilities, Weirdness & Mutations

((You are very nimble when in or above water. (Stealth+, EV+, Speed+++)))
Your lower body shifts to a powerful aquatic tail in water.
Your skin changes colour to match your surroundings (Stealth+).
Your body sometimes deteriorates upon taking damage.


Message History

Your wolf barely misses the bullfrog zombie.
Your wolf bites the bullfrog zombie.
The bullfrog zombie closely misses your wolf.
Your wolf bites the bullfrog zombie. x2
Your wolf closely misses the bullfrog zombie.
Your wolf bites the bullfrog zombie.
The bullfrog zombie hits your wolf.
Your wolf bites the bullfrog zombie!
The bullfrog zombie hits your wolf.
Your wolf bites the bullfrog zombie.
The bullfrog zombie hits your wolf.
Your wolf closely misses the bullfrog zombie.
Found a scroll labelled WONKASI VERY.
Your wolf barely misses the bullfrog zombie.
The bullfrog zombie hits your wolf but does no damage.
Your wolf barely misses the bullfrog zombie.
The bullfrog zombie closely misses something.
The bullfrog zombie hits your wolf.
Found a stone staircase leading up.
u - a scroll labelled WONKASI VERY
There are no items here.
As you read the scroll labelled WONKASI VERY, it crumbles to dust.
Magic quickly surges around you.
It was a scroll of vulnerability.
Your wolf bites the bullfrog zombie.
The bullfrog zombie is destroyed!
Unknown command.
Found a faintly glowing trident.
Found a potion of mutation.
An orc priest comes into view. It is wielding a +0 whip.
The orc priest mumbles some strange prayers to Beogh against you.
Beogh smites you!
* * * LOW HITPOINT WARNING * * *
Unknown command.
Throw: 3 darts (atropa)
Press: ? - help, Shift-Dir - straight line, f - orc priest
Aim: an orc priest, wielding a +0 whip and wearing a +0 leather armour (57% to hit, chance to blind on hit: 83%)
You throw an atropa-tipped dart.
The atropa-tipped dart barely misses the orc priest.
An adder comes into view.
The orc priest invokes the aid of Beogh against you.
Beogh smites you!
You die...

.....♣.........#.#
♣..♣.Z.....#.#.#
♣♣...#####.#.#.#
♣♣♣.♣♣.# #.#.#.#
.♣.♣...# #...#.#
..♣....# #..^#.#
♣♣♣###.#####...#.#
............#+#####
#.########h@....!..
.# +..)......
#.........
#.........
#.........
#.........
#.........
#..o.S....


You could see an orc priest (ally target), an adder and a friendly wolf
(summoned, weak-willed).

Vanquished Creatures
  Duvessa (D:5)
  A centaur (D:6)
  A bullfrog (D:4)
  A wyvern zombie (D:6)
  A necrophage (D:5)
  A scorpion (D:6)
  Dowan (D:5)
  A centaur zombie (D:6)
  A hound (D:4)
  An orc priest (D:5)
  A jelly (D:5)
  2 iguanas
  3 orc wizards
  A howler monkey zombie (D:6)
  4 gnolls (D:4)
  4 adders
  14 orcs
  7 endoplasms
  4 giant cockroaches
  6 goblins
  12 hobgoblins
  5 jackals
  3 quokkas
  4 ball pythons
  5 bats
  2 frilled lizards
  2 kobolds
  8 rats
97 creatures vanquished.

Vanquished Creatures (collateral kills)
  A wyvern (D:6)
  A water moccasin (D:3)
  A black bear (D:5)
  A scorpion (D:6)
  A bullfrog zombie (D:6)
  2 hounds
  An orc priest (D:4)
  A howler monkey zombie (D:6)
  3 gnolls (D:4)
  An adder (D:3)
  An orc (D:5)
  2 endoplasms (D:4)
  A hobgoblin (D:3)
  A kobold (D:2)
  A rat (D:1)
19 creatures vanquished.

Vanquished Creatures (others)
  A jelly (D:5)
  4 plants
5 creatures vanquished.

Grand Total: 121 creatures vanquished

Notes
Turn   | Place    | Note
-------+----------+-------------------------------------------
     0 | D:1      | Icepheonix32 the Merfolk Summoner began the quest for the
                  | Orb.
     0 | D:1      | Reached XP level 1. HP: 13/13 MP: 3/3
    72 | D:1      | Found a faded altar of an unknown god.
   154 | D:1      | Got Plato's Anthology of Translocation
   194 | D:1      | Reached XP level 2. HP: 11/19 MP: 5/5
   204 | D:1      | Learned a level 2 spell: Call Imp
   626 | D:1      | Reached XP level 3. HP: 22/24 MP: 6/6
  1288 | D:1      | Gained mutation: Your body sometimes deteriorates upon
                  | taking damage. [potion of mutation]
  1288 | D:1      | Gained mutation: Your skin changes colour to match your
                  | surroundings (Stealth+). [potion of mutation]
  1328 | D:2      | Reached skill level 5 in Summonings
  2083 | D:2      | Reached XP level 4. HP: 30/30 MP: 7/7
  2087 | D:2      | Learned a level 3 spell: Call Canine Familiar
  2279 | D:3      | Found a shimmering blue altar of Sif Muna.
  2461 | D:3      | Found a burning altar of Makhleb.
  2461 | D:3      | Found an ornate altar of the Wu Jian Council.
  2469 | D:3      | Found an ancient bone altar of Kikubaaqudgha.
  2471 | D:3      | Found a white marble altar of Elyvilon.
  2473 | D:3      | Found a shadowy altar of Dithmenos.
  2763 | D:3      | Noticed a water moccasin
  2779 | D:3      | Killed a water moccasin
  2780 | D:3      | Reached skill level 6 in Summonings
  2780 | D:3      | Reached XP level 5. HP: 35/35 MP: 1/8
  2805 | D:3      | Identified the +2 whip of the Leaping Eel {vorpal, Contam
                  | rF++ Will+}
  3291 | D:4      | Reached XP level 6. HP: 36/41 MP: 1/9
  3411 | D:4      | Reached skill level 7 in Summonings
  4031 | D:4      | Reached skill level 8 in Summonings
  4072 | D:4      | Reached XP level 7. HP: 43/46 MP: 10/10
  4388 | D:4      | Learned a level 3 spell: Summon Guardian Golem
  4395 | D:5      | Entered Level 5 of the Dungeon
  4454 | D:5      | Found Ciath's Distillery.
  4457 | D:5      | Bought a potion of curing for 39 gold pieces
  4457 | D:5      | Bought a potion of heal wounds for 65 gold pieces
  4457 | D:5      | Bought a potion of lignification for 39 gold pieces
  4471 | D:5      | Found a staircase to the Ecumenical Temple.
  4501 | Temple   | Entered the Ecumenical Temple
  4791 | D:5      | Reached skill level 9 in Summonings
  4954 | D:5      | Found a radiant altar of Vehumet.
  5150 | D:5      | Noticed Duvessa
  5154 | D:5      | Noticed Dowan
  5164 | D:5      | Killed Duvessa
  5165 | D:5      | Reached XP level 8. HP: 46/52 MP: 2/11
  5173 | D:5      | Found a shimmering altar of Xom.
  5175 | D:5      | Killed Dowan
  5315 | D:5      | Reached skill level 10 in Summonings
  5458 | D:6      | Identified a scroll of acquirement
  5464 | D:6      | Acquired 1327 gold pieces
  5494 | D:6      | Noticed a wyvern
  5516 | D:6      | Killed a wyvern
  5902 | D:6      | Identified the +0 falchion of Bloodstone {flame, rElec
                  | Int+3 Dex-5}
  5907 | D:6      | Reached skill level 11 in Summonings
  5951 | D:6      | Killed from afar by an orc priest

Illustrated notes

Levels and vault maps discovered:
D:1:      dpeg_arrival_rooms_with_view, layout_basic,
          shapermc_ecumenical_altar_rom_forum
D:2:      layout_basic, chequers_jeans
D:3:      layout_loops_ring, lemuel_tele_altar,
          chequers_temple_overflow_minitemple, serial_forest,
          infiniplex_forest_clump_tiny, infiniplex_forest_straight_5,
          infiniplex_forest_straight_5, infiniplex_forest_straight_2,
          infiniplex_forest_lined_3_way, infiniplex_forest_clump_small,
          grunt_ministairs_15
D:4:      nicolae_cairo_tiling_large, layout_basic
D:5:      lemuel_ice_spiral_2, layout_rooms, brannock_xom_greatest_gift,
          fiery_altar_vehumet, minmay_temple_entry_grid, serial_shops,
          nicolae_shop_window_shopping, uniq_duvessa
D:6:      layout_basic, nicolae_yredelemnul_corpse_copse,
          nicolae_ossuary_entry_giza, st_stairs_9, uniq_crazy_yiuf_cottage
Temple:   hellmonk_temple_flake

Skill      XL: |  1  2  3  4  5  6  7  8 |
---------------+-------------------------+-----
Summonings     | 5 6 8 9 11 | 11.2
Dodging        | |  2.6
Stealth        | |  2.1
Spellcasting   | |  2.3

Action                   |  1- 3 |  4- 6 |  7- 9 || total
-------------------------+-------+-------+-------++-------
Melee: Quarterstaff      |    68 |    68 |    74 ||   210
Throw: Dart              |       |       |     1 ||     1
 Cast: Summon Small Mamm |     6 |     2 |     1 ||     9
       Call Imp          |     9 |     6 |     2 ||    17
       Call Canine Famil |       |     6 |    10 ||    16
       Summon Guardian G |       |       |     1 ||     1
  Use: Scroll            |     4 |     3 |     6 ||    13
       Potion            |     1 |     4 |       ||     5
 Stab: Sleeping          |     5 |     8 |     2 ||    15
       Distracted        |     1 |       |       ||     1
Armor: Robe              |    12 |    12 |    24 ||    48
Dodge: Dodged            |    51 |    42 |    39 ||   132
